 Dungeon Crawl Stone Soup version 0.27-a0-1500-g450c7e4133 (webtiles) character file.

Game seed: 17701144530100066416

712 wesbby the Poker (level 7, -9/61 HPs)
             Began as a Minotaur Berserker on July 7, 2021.
             Was an Elder of Trog.
             Killed from afar by Pikel (11 damage)
             ... with a bolt of acid
             ... on level 5 of the Dungeon.
             The game lasted 00:07:26 (4445 turns).

wesbby the Poker (Minotaur Berserker)               Turns: 4445, Time: 00:07:26

Health: -9/61      AC:  2    Str: 24    XL:     7   Next: 41%
Magic:  6/6        EV:  8    Int: 10    God:    Trog [****..]
Gold:   360        SH: 14    Dex:  9    Spells: 6/6 levels left

rFire    . . .     SeeInvis .   a - +1 spear
rCold    + . .     Faith    .   j - +0 tower shield
rNeg     . . .     Spirit   .   q - +0 chain mail
rPois    .         Reflect  .   (helmet restricted)
rElec    .         Harm     .   k - +0 cloak
rCorr    .         Rampage  .   i - +2 pair of gloves
Will     .....                  (no boots)
Stlth    ..........             (no amulet)
HPRegen  0.20/turn              e - ring of protection from cold
MPRegen  0.10/turn              m - ring "Hubos" {*Slow EV+4 Int+6 Dex+2}

@: corroded, unable to read, on berserk cooldown, slowed, very slow
A: horns 2, retaliatory headbutt, talons 1, clumsy 1, deformed body, inability
to read while threatened
a: Renounce Religion, Berserk, Trog's Hand, Brothers in Arms


You were on level 5 of the Dungeon.
You worshipped Trog.
Trog was greatly pleased with you.
You visited 1 branch of the dungeon, and saw 5 of its levels.

You collected 360 gold pieces.

Inventory:

Hand Weapons
 a - a +1 spear (weapon)
Missiles
 c - 7 boomerangs (quivered)
 l - 5 curare-tipped darts
Armour
 b - a +0 animal skin
 f - a +0 scale mail
 i - a +2 pair of gloves (worn)
 j - a +0 tower shield (worn)
 k - a +0 cloak (worn)
 q - a +0 chain mail (worn)
Jewellery
 e - a ring of protection from cold (left hand)
 h - a ring of resist corrosion
 m - the ring "Hubos" (right hand) {*Slow EV+4 Int+6 Dex+2}
   (You found it on level 4 of the Dungeon)

   [ring of evasion]

   EV:        It affects your evasion (+4).
   Int:       It affects your intelligence (+6).
   Dex:       It affects your dexterity (+2).
   *Slow:     It may slow you when you take damage.
 p - a ring of protection from fire
Wands
 o - a wand of digging (7)
Scrolls
 d - 4 scrolls of holy word
 n - a scroll of blinking {unknown}
Potions
 g - a potion of magic


   Skills:
 * Level 5.3 Fighting
 * Level 6.8 Polearms
 * Level 5.6 Armour
 + Level 2.8 Dodging
 + Level 3.8 Shields


You had 6 spell levels left.
You didn't know any spells.
Your spell library was empty.

Dungeon Overview and Level Annotations

Branches:
Dungeon (5/15)             Temple (0/1) D:4

Altars:
Cheibriados
Ru
Wu Jian
The Shining One
Beogh

Shops:
D:4 :

Annotations:
D:5 Pikel


Innate Abilities, Weirdness & Mutations

You have a pair of horns on your head.
You reflexively headbutt those who attack you in melee.
You have sharp toenails.
You are clumsy. (Dex -2)
Armour fits poorly on your strangely shaped body.
You sometimes lose the ability to read scrolls when taking damage.


Message History

You feel threatened and lose the ability to read scrolls!
A lemure comes into view.
Pikel zaps a wand.
The bolt of acid misses you.
A red film seems to cover your vision as you go berserk!
You feel yourself moving faster!
You feel mighty! You block Pikel's attack.
You closely miss Pikel. Your kick misses Pikel. Your headbutt misses Pikel.
Pikel zaps a wand.
The bolt of acid misses you.
You hit Pikel. Your kick misses Pikel.
Pikel is lightly wounded.
You closely miss Pikel. Your kick misses Pikel.
Pikel is lightly wounded.
Pikel zaps a wand.
The bolt of acid hits you! The acid corrodes you!
You are splashed with acid!
* * * LOW HITPOINT WARNING * * *
You hit Pikel. Your headbutt misses Pikel.
Pikel is lightly wounded.
Pikel completely misses you. You block the lemure's attack.
You puncture Pikel!
Pikel is moderately wounded.
You block Pikel's attack.
You hit Pikel but do no damage. Your kick misses Pikel.
Pikel is moderately wounded.
The lemure hits you!
* * * LOW HITPOINT WARNING * * *
Pikel barely misses you.
Your chain mail prevents you from hitting Pikel.
Your kick misses Pikel.
Pikel is moderately wounded.
The lemure hits you!
* * * LOW HITPOINT WARNING * * *
You are too berserk!
You are too berserk!
Pikel says, "I'm sure the Orcish Mines are around here somewhere..."
You feel a strong urge to attack something.
You block Pikel's attack.
You are no longer berserk.
You are exhausted.
You feel yourself slow down.
Pikel zaps a wand.
The bolt of acid hits you!
You die...

##............## #.##
#............## #.#
###.........## ##.#
####.....## ##.##
####### ##..##
##....### ##.......#
.## ###.......##
...#### ##@......#.##
[......####..#..####..#
.........#..##### ##.#
........5K### #.##
...........## ###..#
............# ##...##
.............# ##....#
.............# ##.....#
.............# #......#


You could see Pikel and a lemure.

Vanquished Creatures
  An ogre (D:4)
  A necrophage (D:4)
  3 lemures (D:5)
  A wyvern skeleton (D:5)
  A water moccasin skeleton (D:4)
  A hound (D:4)
  An orc priest (D:4)
  A bullfrog skeleton (D:4)
  2 iguanas (D:4)
  Ijyb (D:4)
  An orc wizard (D:3)
  Robin (D:2)
  4 gnolls (D:3)
  6 adders
  A howler monkey skeleton (D:4)
  4 adder skeletons
  2 dart slugs
  8 orcs
  7 endoplasms
  4 giant cockroaches
  25 goblins
  8 hobgoblins
  9 jackals
  12 kobolds
  4 quokkas
  7 ball pythons
  7 bats
  A frilled lizard (D:1)
  9 rats
133 creatures vanquished.

Vanquished Creatures (others)
  8 fungi (D:3)
  3 toadstools (D:3)
11 creatures vanquished.

Grand Total: 144 creatures vanquished

Notes
Turn   | Place    | Note
-------+----------+-------------------------------------------
     0 | D:1      | wesbby the Minotaur Berserker began the quest for the Orb.
     0 | D:1      | Reached XP level 1. HP: 19/19 MP: 0/0
   180 | D:1      | Reached skill level 4 in Polearms
   180 | D:1      | Reached XP level 2. HP: 27/27 MP: 1/1
   493 | D:1      | Reached ** piety under Trog
  1045 | D:2      | Reached XP level 3. HP: 33/33 MP: 2/2
  1329 | D:2      | Reached XP level 4. HP: 41/41 MP: 3/3
  1427 | D:2      | Noticed Robin
  1444 | D:2      | Reached skill level 5 in Polearms
  1444 | D:2      | Killed Robin
  1448 | D:2      | Reached skill level 1 in Shields
  1491 | D:2      | Reached *** piety under Trog
  1786 | D:2      | Found a faded altar of an unknown god.
  1944 | D:2      | Gained mutation: You sometimes lose the ability to read
                  | scrolls when taking damage. [potion of mutation]
  1944 | D:2      | Gained mutation: Armour fits poorly on your strangely
                  | shaped body. [potion of mutation]
  1944 | D:2      | Gained mutation: You are clumsy. (Dex -2) [potion of
                  | mutation]
  1944 | D:2      | Gained mutation: You have sharp toenails. [potion of
                  | mutation]
  1990 | D:3      | Found a glowing golden altar of the Shining One.
  2071 | D:3      | Reached XP level 5. HP: 25/47 MP: 4/4
  2585 | D:3      | Found a snail-covered altar of Cheibriados.
  2998 | D:4      | Reached **** piety under Trog
  2999 | D:4      | Found Achicrul's Self-Improvement Boutique.
  3026 | D:4      | Reached XP level 6. HP: 51/53 MP: 5/5
  3135 | D:4      | Found a staircase to the Ecumenical Temple.
  3146 | D:4      | Reached skill level 6 in Polearms
  3449 | D:4      | Reached skill level 5 in Fighting
  3580 | D:4      | Reached skill level 5 in Armour
  3580 | D:4      | Reached XP level 7. HP: 61/61 MP: 6/6
  3587 | D:4      | Identified the ring "Hubos" {*Slow EV+4 Int+6 Dex+2}
  3802 | D:4      | Found an ornate altar of the Wu Jian Council.
  3810 | D:4      | Found a sacrificial altar of Ru.
  4111 | D:4      | Noticed Ijyb
  4121 | D:4      | Killed Ijyb
  4313 | D:5      | Entered Level 5 of the Dungeon
  4427 | D:5      | Noticed Pikel
  4440 | D:5      | HP: 2/91 [lemure[Pikel] (9)]
  4445 | D:5      | Killed from afar by Pikel

Illustrated notes

Levels and vault maps discovered:
D:1:      psy_arrival_dodecagon, layout_basic, dk_noncrumbling_4,
          hangedman_abyss_or_decor_stabs, minmay_misc_feat_secret_circle,
          grunt_decor_arrowhead
D:2:      layout_basic, hellmonk_ecumenical_altar_defaced_shrine, uniq_robin
D:3:      layout_basic, tso_metal_star, nicolae_overflow_crystal_walls,
          minmay_gold_behind_fungi, grunt_decor_mini_mirrors
D:4:      kennysheep_goblin_castle, layout_rooms,
          mainiacjoe_overflow_large_starburst, minmay_temple_entry_proselytizer,
          moated_statue, nicolae_shop_self_help
D:5:      layout_cave_pods, gup_ossuary_entry_pyramid, uniq_pikel

Skill      XL: |  1  2  3  4  5  6 |
---------------+-------------------+-----
Polearms       | 4 5 6 |  6.8
Fighting       | 4 5 |  5.3
Armour         | 3 4 5 |  5.6
Shields        | 1 2 3 |  3.8
Dodging        | |  2.8

Action                   |  1- 3 |  4- 6 |  7- 9 || total
-------------------------+-------+-------+-------++-------
Melee: Spear             |   108 |   182 |    73 ||   363
       Headbutt          |    19 |    22 |     8 ||    49
       Kick              |       |    24 |    20 ||    44
Invok: Berserk           |       |     5 |     3 ||     8
  Use: Scroll            |       |     6 |       ||     6
       Potion            |       |     4 |       ||     4
Armor: Animal skin       |     2 |       |       ||     2
       Scale mail        |    37 |    40 |     9 ||    86
       Chain mail        |       |       |     4 ||     4
Dodge: Dodged            |    31 |    25 |    15 ||    71
Block: Tower shield      |    38 |   108 |    61 ||   207

Table legend: (Time is in decaauts)
 A = Elapsed time spent in this place.
 B = Non-inter-level travel time spent in this place.
 C = Inter-level travel time spent in this place.
 D = Time resting spent in this place.
 E = Time spent auto-exploring this place.
 F = Levels seen in this place.
 G = Mean time per level.
                   A        B        C        D        E       F      G
               +--------+--------+--------+--------+--------+-----+--------+
         Total |   4576 |   4251 |    325 |    375 |   3054 |   5 |  915.2 |
       Dungeon |   4576 |   4251 |    325 |    375 |   3054 |   5 |  915.2 |
               +--------+--------+--------+--------+--------+-----+--------+

Top non-repeatable levels by time:
     D:3: 1258 daAuts
     D:4: 1158 daAuts
     D:1: 1042 daAuts
     D:2: 981 daAuts
     D:5: 135 daAuts
